 Dungeon Crawl Stone Soup version 0.28-a0-224-g76b539d98b (webtiles) character file.

Game seed: 11979140505986996699

12442 MirrMurr the Thrower (level 11, -14/71 (86) HPs)
             Began as a Gnoll Hunter on Aug 20, 2021.
             Was an Elder of Okawaru.
             Killed from afar by Josephine (30 damage)
             ... with a ghostly fireball
             ... on level 11 of the Dungeon on Aug 21, 2021.
             The game lasted 00:33:59 (14006 turns).

MirrMurr the Thrower (Gnoll Hunter)                Turns: 14006, Time: 00:34:01

HP:   -14/71 (86)   AC:  8    Str: 15    XL:     11   Next: 93%
MP:   21/21         EV: 17    Int: 11    God:    Okawaru [****..]
Gold: 552           SH:  9    Dex: 12    Spells: 23/23 levels left

rFire   . . .      SeeInvis .   a - +3 spear (venom)
rCold   . . .      Faith    .   u - +0 kite shield
rNeg    . . .      Spirit   .   F - +1 leather armour of Idealism {*Slow Regen+ Slay+5}
rPois   .          Reflect  .   (no helmet)
rElec   .          Harm     .   (no cloak)
rCorr   +          Rampage  .   t - +1 pair of gloves
Will    .....                   k - +0 pair of boots
Stlth   +++.......              l - amulet of regeneration
HPRegen 2.21/turn               N - +4 ring of evasion
MPRegen 0.17/turn               y - ring of resist corrosion

@: lethally poisoned (-14 -> -18), heavily drained
A: fangs 1, strong nose, distributed training
a: Renounce Religion, Heroism, Finesse


You were on level 11 of the Dungeon.
You worshipped Okawaru.
Okawaru was greatly pleased with you.
You visited 2 branches of the dungeon, and saw 12 of its levels.
You also visited: Ossuary.

You collected 552 gold pieces.

Inventory:

Hand Weapons
 a - a +3 spear of venom (weapon)
 b - a +2 short sword of holy wrath
 g - a +0 trident
 w - a +2 dagger of venom
 H - the +6 war axe "Demon's Undoing" {flame, Will+ rCorr Dex+4 Stlth+}
   (You found it on level 7 of the Dungeon)

   It burns those it strikes, dealing additional fire damage.
   Big, fiery blades are also staple armaments of hydra-hunters.
   Dex:       It affects your dexterity (+4).
   rCorr:     It protects you from acid and corrosion.
   Will:      It increases your willpower.
   Stlth:     It makes you more stealthy.
 O - a +4 trident
Missiles
 c - 19 javelins
 d - 7 throwing nets
 f - 216 stones
 q - 43 poisoned darts (quivered)
 I - 8 boomerangs
 K - 78 sling bullets
Armour
 k - a +0 pair of boots (worn)
 t - a +1 pair of gloves (worn)
 u - a +0 kite shield (worn)
 F - the +1 leather armour of Idealism (worn) {*Slow Regen+ Slay+5}
   (You found it on level 6 of the Dungeon)

   Slay:      It affects your accuracy & damage with ranged weapons and melee
   (+5).
   Regen:     It increases your rate of health regeneration.
   *Slow:     It may slow you when you take damage.
 G - a +0 buckler
 L - +0 acid dragon scales
Jewellery
 l - an amulet of regeneration (around neck)
 y - a ring of resist corrosion (right hand)
 E - an amulet of the acrobat
 N - a +4 ring of evasion (left hand)
Wands
 n - a wand of iceblast (9)
 s - a wand of polymorph (27)
 M - a wand of digging (3)
Scrolls
 o - a scroll of fog
 v - 2 scrolls of teleportation
 J - 4 scrolls of blinking
Potions
 e - 3 potions of curing
 h - 3 potions of attraction
 i - 3 potions of resistance
 m - a potion of brilliance {unknown}
 p - a potion of might
 r - 4 potions of flight
 x - 3 potions of haste {unknown}
 z - 3 potions of heal wounds
 A - 5 potions of mutation
 B - 2 potions of invisibility {unknown}
 C - 2 potions of lignification {unknown}
 D - a potion of cancellation {unknown}
 P - a potion of berserk rage {unknown}


   Skills:
 + Level 8.2 Fighting
 + Level 6.7 Short Blades
 + Level 6.7 Long Blades
 + Level 6.7 Axes
 + Level 6.7 Maces & Flails
 + Level 6.7 Polearms
 + Level 6.7 Staves
 + Level 6.7 Slings
 + Level 6.7 Bows
 + Level 6.7 Crossbows
 + Level 10.8 Throwing
 + Level 6.7 Armour
 + Level 8.2 Dodging
 + Level 7.2 Stealth
 + Level 6.7 Shields
 + Level 6.7 Unarmed Combat
 + Level 6.7 Spellcasting
 + Level 5.6 Conjurations
 + Level 5.6 Hexes
 + Level 5.6 Summonings
 + Level 5.6 Necromancy
 + Level 5.6 Translocations
 + Level 5.6 Transmutations
 + Level 5.6 Fire Magic
 + Level 5.6 Ice Magic
 + Level 5.6 Air Magic
 + Level 5.6 Earth Magic
 + Level 5.6 Poison Magic
 + Level 7.4 Invocations
 + Level 6.7 Evocations


You had 23 spell levels left.
You didn't know any spells.
Your spell library contained the following spells:

 Spells                   Type           Power      Damage    Failure   Level
 Apportation              Tloc           32%        N/A       6%          1
 Corona                   Hex            17%        N/A       6%          1
 Sandblast                Erth           32%        2d9       6%          1
 Passwall                 Tmut/Erth      13%        N/A       10%         2
 Static Discharge         Conj/Air       16%        N/A       10%         2
 Dispel Undead            Necr           16%        3d10      54%         4
 Passage of Golubria      Tloc           N/A        N/A       54%         4
 Sticky Flame             Conj/Fire      16%        2d4       54%         4
 Alistair's Intoxication  Tmut/Pois      10%        N/A       87%         5
 Lee's Rapid Deconstruct  Erth           8%         3d8*      87%         5
 Silence                  Hex/Air        8%         N/A       87%         5
 Invisibility             Hex            8%         N/A       100%        6
 Lehudib's Crystal Spear  Conj/Erth      8%         10d3      100%        8
 Animate Skeleton         Necr           Unusable   N/A       N/A         1
 Summon Small Mammal      Summ           Unusable   N/A       N/A         1

Dungeon Overview and Level Annotations

Branches:
Dungeon (11/15)            Temple (1/1) D:5            Lair (0/6) D:8
    Orc (0/2) D:10        Ossuary (visited)

Altars:
Ashenzari
Cheibriados
Dithmenos
Elyvilon
Fedhas
Gozag
Hepliaklqana
Kikubaaqudgha
Makhleb
Nemelex Xobeh
Okawaru
Qazlal
Ru
Sif Muna
Trog
Uskayaw
Vehumet
Wu Jian
Xom
Yredelemnul
Zin
The Shining One
Beogh

Shops:
D:5 *   D:8 *

Annotations:
D:3 dig
D:4 dig
D:10 2 transporters, Brozuf's ghost, novice DsNe
D:11 exclusion: tengu warrior, Josephine; Nergalle


Innate Abilities, Weirdness & Mutations

You have very sharp teeth.
Your uncanny sense of smell can sniff out nearby items.
Your experience applies equally to all skills.


Message History

You feel much better.
You feel sick. You block Josephine's attack.
You puncture Josephine!
Josephine is heavily wounded.
You feel sick. Josephine draws life force from you!
Josephine is healed by the life force!
You barely miss Josephine.
Josephine is heavily wounded.
You feel sick.
Josephine says, "I'll make a rug of your skin."
Josephine hits you with a +0 dagger of venom.
You are more poisoned.
You are too injured to fight recklessly!
Unknown command.
You are too injured to fight recklessly!
Unknown command.
You are too injured to fight recklessly!
Unknown command.
You are too injured to fight recklessly!
You closely miss Josephine.
Josephine is heavily wounded.
You feel very sick.
Josephine hits you with a +0 dagger of venom!
You closely miss Josephine. You bite Josephine.
Josephine is severely wounded.
You feel very sick.
Josephine hits you with a +0 dagger of venom.
* * * LOW HITPOINT WARNING * * *
You are more poisoned.
You puncture Josephine!
Josephine is severely wounded.
You feel very sick. Josephine hits you but does no damage.
You are more poisoned.
You completely miss Josephine.
Josephine is severely wounded.
You feel very sick.
Josephine points at you and mumbles some strange words.
The ghostly flame explodes!
The ghostly fireball engulfs you!!
You feel drained.
You die...

##+ #.. #.#
######+## #######.#
#......[#
......#.####
#..!....# .#
#......# #.......#
.# ###.##.###
#.......# .
#.##...####W......+
##.####..@@WWZ.....#
#..# ######W......#
#.## #.......# #.#
#.......# #.#
##+###### #.# ###
##'##### ..#
#......# ..#
###......#


You could see Josephine (poisoned), 4 wraiths and a meliai zombie.

Vanquished Creatures
  Harold (D:8)
  A boulder beetle (D:11)
  3 two-headed ogres
  Maggie (D:8)
  3 trolls
  A hornet (D:9)
  Prince Ribbit (D:5)
  Sigmund (D:3)
  4 yaks
  A shadow (D:7)
  2 wyverns (D:9)
  4 vampire mosquitoes (D:10)
  Menkaure (D:7)
  A water moccasin (D:8)
  Duvessa (D:6)
  3 ice beasts
  7 orc warriors
  2 black bears
  4 ogres
  A necrophage (D:7)
  2 wolves (D:8)
  4 centaurs
  2 kobold brigands (D:9)
  A phantom (D:4)
  A bullfrog (D:4)
  A gnoll sergeant (D:9)
  2 wyvern zombies
  11 scorpions
  Dowan (D:6)
  A water moccasin zombie (D:5)
  8 wights
  4 howler monkeys
  2 electric eels (D:8)
  6 centaur zombies
  A human zombie (Ossuary)
  3 jellies
  5 hounds
  7 orc priests
  A centaur skeleton (D:7)
  Jessica (D:3)
  Terence (D:2)
  11 orc wizards
  Natasha (thrice) (D:2)
  Ijyb (D:4)
  4 scorpion zombies (Ossuary)
  3 mummies (Ossuary)
  A howler monkey zombie (D:8)
  Robin (D:3)
  A howler monkey skeleton (D:6)
  12 gnolls
  5 adders
  A shadow imp (D:6)
  3 white imps
  An ufetubus (D:5)
  An adder skeleton (D:4)
  4 worms
  2 dart slugs
  57 orcs
  3 endoplasms
  A giant cockroach (D:4)
  A gnoll zombie (Ossuary)
  13 hobgoblins
  9 jackals
  15 kobolds
  3 quokkas
  11 ball pythons
  12 bats
  3 frilled lizards
  14 goblins
  4 goblin zombies
  A kobold zombie (Ossuary)
  4 orc zombies (Ossuary)
  A quokka zombie (D:5)
  9 rats
323 creatures vanquished.

Vanquished Creatures (others)
  Eustachio (D:4)
1 creature vanquished.

Grand Total: 324 creatures vanquished

Notes
Turn   | Place    | Note
-------+----------+-------------------------------------------
     0 | D:1      | MirrMurr the Gnoll Hunter began the quest for the Orb.
     0 | D:1      | Reached XP level 1. HP: 20/20 MP: 1/1
   243 | D:1      | Found a faded altar of an unknown god.
   274 | D:1      | Reached XP level 2. HP: 26/26 MP: 2/2
  1135 | D:1      | Reached XP level 3. HP: 30/31 MP: 3/3
  1674 | D:2      | Reached skill level 1 in Invocations
  2065 | D:2      | Reached skill level 1 in Short Blades
  2065 | D:2      | Reached skill level 1 in Long Blades
  2065 | D:2      | Reached skill level 1 in Axes
  2065 | D:2      | Reached skill level 1 in Maces & Flails
  2065 | D:2      | Reached skill level 1 in Polearms
  2065 | D:2      | Reached skill level 1 in Staves
  2065 | D:2      | Reached skill level 1 in Slings
  2065 | D:2      | Reached skill level 1 in Bows
  2065 | D:2      | Reached skill level 1 in Crossbows
  2065 | D:2      | Reached skill level 1 in Armour
  2065 | D:2      | Reached skill level 1 in Shields
  2065 | D:2      | Reached skill level 1 in Unarmed Combat
  2065 | D:2      | Reached skill level 1 in Spellcasting
  2065 | D:2      | Reached skill level 1 in Evocations
  2272 | D:2      | Reached XP level 4. HP: 38/38 MP: 5/5
  2393 | D:2      | Noticed Terence
  2752 | D:2      | Noticed Natasha
  2762 | D:2      | Killed Natasha
  2763 | D:2      | Reached skill level 1 in Conjurations
  2763 | D:2      | Reached skill level 1 in Hexes
  2763 | D:2      | Reached skill level 1 in Summonings
  2763 | D:2      | Reached skill level 1 in Necromancy
  2763 | D:2      | Reached skill level 1 in Translocations
  2763 | D:2      | Reached skill level 1 in Transmutations
  2763 | D:2      | Reached skill level 1 in Fire Magic
  2763 | D:2      | Reached skill level 1 in Ice Magic
  2763 | D:2      | Reached skill level 1 in Air Magic
  2763 | D:2      | Reached skill level 1 in Earth Magic
  2763 | D:2      | Reached skill level 1 in Poison Magic
  3266 | D:3      | Noticed a centaur
  3531 | D:3      | Killed a centaur
  3532 | D:3      | Reached XP level 5. HP: 22/43 MP: 5/7
  3899 | D:3      | Noticed Sigmund
  3918 | D:3      | Killed Sigmund
  3919 | D:3      | Reached skill level 5 in Fighting
  3919 | D:3      | Reached skill level 5 in Dodging
  3919 | D:3      | Reached XP level 6. HP: 36/51 MP: 7/9
  3947 | D:3      | Noticed Jessica
  3951 | D:3      | Killed Jessica
  4638 | D:3      | Found a radiant altar of Vehumet.
  4654 | D:3      | Reached XP level 7. HP: 19/56 MP: 10/10
  4865 | D:3      | Found an ancient bone altar of Kikubaaqudgha.
  4879 | D:3      | Found a shimmering blue altar of Sif Muna.
  5023 | D:3      | Noticed Robin
  5331 | D:3      | Killed Robin
  5900 | D:4      | Reached skill level 9 in Throwing
  6351 | D:4      | Noticed Eustachio
  6408 | D:4      | Killed Eustachio
  6409 | D:4      | Reached XP level 8. HP: 41/63 MP: 12/12
  6685 | D:4      | Noticed Ijyb
  6707 | D:4      | Killed Ijyb
  6940 | D:5      | Entered Level 5 of the Dungeon
  6984 | D:5      | Found a sand-covered staircase.
  7003 | Ossuary  | Entered an ossuary
  7379 | Ossuary  | Reached XP level 9. HP: 69/69 MP: 14/14
  7767 | D:5      | Noticed Prince Ribbit
  7776 | D:5      | Killed Prince Ribbit
  7812 | D:5      | Noticed Duvessa
  7966 | D:5      | Found Ybopop's Mayhem Merchandise.
  7981 | D:5      | Reached skill level 5 in Stealth
  8442 | D:6      | Identified the +1 leather armour of Idealism {*Slow Regen+
                  | Slay+5}
  8483 | D:5      | Found a staircase to the Ecumenical Temple.
  8483 | D:5      | Noticed Dowan
  8500 | D:6      | Killed Duvessa
  8501 | D:6      | Reached skill level 5 in Invocations
  8509 | D:6      | Killed Dowan
  8530 | Temple   | Entered the Ecumenical Temple
  9135 | D:7      | Reached XP level 10. HP: 77/77 MP: 17/17
  9293 | D:7      | Found a sparkling altar of Nemelex Xobeh.
  9294 | D:7      | Found an iron altar of Okawaru.
  9301 | D:7      | Reached skill level 5 in Short Blades
  9301 | D:7      | Reached skill level 5 in Long Blades
  9301 | D:7      | Reached skill level 5 in Axes
  9301 | D:7      | Reached skill level 5 in Maces & Flails
  9301 | D:7      | Reached skill level 5 in Polearms
  9301 | D:7      | Reached skill level 5 in Staves
  9301 | D:7      | Reached skill level 5 in Slings
  9301 | D:7      | Reached skill level 5 in Bows
  9301 | D:7      | Reached skill level 5 in Crossbows
  9301 | D:7      | Reached skill level 5 in Armour
  9301 | D:7      | Reached skill level 5 in Shields
  9301 | D:7      | Reached skill level 5 in Unarmed Combat
  9301 | D:7      | Reached skill level 5 in Spellcasting
  9301 | D:7      | Reached skill level 5 in Evocations
  9321 | D:7      | Became a worshipper of Warmaster Okawaru
  9599 | D:7      | Identified the +6 war axe "Demon's Undoing" {flame, Will+
                  | rCorr Dex+4 Stlth+}
  9615 | D:7      | Noticed Menkaure
  9622 | D:7      | Killed Menkaure
  9661 | D:7      | Found a shadowy altar of Dithmenos.
 10136 | D:2      | Noticed Natasha
 10141 | D:2      | Killed Natasha
 10218 | D:2      | Noticed Natasha
 10224 | D:2      | Killed Natasha
 10853 | D:2      | Killed Terence
 11025 | D:8      | Reached skill level 10 in Throwing
 11166 | D:8      | Found a staircase to the Lair.
 11229 | D:8      | Reached * piety under Okawaru
 11560 | D:8      | Noticed Maggie
 11575 | D:8      | Killed Maggie
 11623 | D:8      | Found Ziliw's Assorted Antiques.
 11623 | D:8      | Noticed Harold
 11656 | D:8      | Killed Harold
 11665 | D:8      | Noticed a two-headed ogre
 11714 | D:8      | Killed a two-headed ogre
 11714 | D:8      | Reached ** piety under Okawaru
 11715 | D:8      | Reached XP level 11. HP: 66/84 MP: 19/19
 12110 | D:9      | Reached skill level 5 in Conjurations
 12110 | D:9      | Reached skill level 5 in Hexes
 12110 | D:9      | Reached skill level 5 in Summonings
 12110 | D:9      | Reached skill level 5 in Necromancy
 12110 | D:9      | Reached skill level 5 in Translocations
 12110 | D:9      | Reached skill level 5 in Transmutations
 12110 | D:9      | Reached skill level 5 in Fire Magic
 12110 | D:9      | Reached skill level 5 in Ice Magic
 12110 | D:9      | Reached skill level 5 in Air Magic
 12110 | D:9      | Reached skill level 5 in Earth Magic
 12110 | D:9      | Reached skill level 5 in Poison Magic
 12351 | D:9      | Noticed a two-headed ogre
 12362 | D:9      | Killed a two-headed ogre
 12574 | D:9      | Found a stormy altar of Qazlal.
 12574 | D:9      | Found a white marble altar of Elyvilon.
 12738 | D:10     | Entered Level 10 of the Dungeon
 12833 | D:9      | Reached *** piety under Okawaru
 13321 | D:10     | Found a staircase to the Orcish Mines.
 13454 | D:10     | Received a gift from Okawaru
 13533 | D:10     | Found a transporter.
 13534 | D:10     | Noticed Brozuf's ghost (novice DsNe)
 13534 | D:10     | Noticed a two-headed ogre
 13535 | D:10     | Noticed a two-headed ogre
 13547 | D:10     | Found a transporter.
 13816 | D:11     | Upgraded the game from 0.28-a0-203-gf40de95187 to
                  | 0.28-a0-224-g76b539d98b
 13831 | D:11     | Noticed a two-headed ogre
 13851 | D:11     | Killed a two-headed ogre
 13851 | D:11     | Received a gift from Okawaru
 13890 | D:11     | Noticed Nergalle
 13890 | D:11     | Noticed a tengu warrior
 13907 | D:11     | Noticed a boulder beetle
 13925 | D:11     | Killed a boulder beetle
 13941 | D:11     | Reached **** piety under Okawaru
 13973 | D:11     | Noticed Josephine
 14006 | D:11     | Killed from afar by Josephine

Illustrated notes

Levels and vault maps discovered:
D:1:      kilobyte_arrival_exit_the_forest, layout_loops_ring,
          hellmonk_ecumenical_altar_leap_of_faith
D:2:      layout_loops_corners, kennysheep_generic_room_6, uniq_natasha,
          uniq_terence
D:3:      minmay_recursive_quarters, layout_loops_corners,
          palyth_temple_overflow_mages, minmay_crystal_water,
          due_unseen_surprise, uniq_robin, uniq_sigmund, uniq_jessica
D:4:      cheibrodos_quashed, layout_rooms, uniq_eustachio, uniq_ijyb
D:5:      layout_loops_ring, minmay_temple_entry_from_below_b, enter_ossuary_4,
          minmay_shop_mayhem, uniq_duvessa, uniq_prince_ribbit1
D:6:      layout_basic
D:7:      layout_basic, kennysheep_mini, mainiacjoe_overflow_divided_tiny,
          uniq_menkaure
D:8:      layout_loops_ring, erik_lair_island, serial_shops, shop, uniq_maggie,
          uniq_harold
D:9:      layout_roguey, mainiacjoe_overflow_large_starburst
D:10:     layout_cave_pools, david_orc_5, gammafunk_ghost_smash
D:11:     layout_roguey, uniq_erolcha, uniq_josephine, uniq_nergalle
Temple:   zaba_magenta_temple

Skill      XL: |  1  2  3  4  5  6  7  8  9 10 11 |
---------------+----------------------------------+-----
Invocations    | 1 2 3 4 5 6 7 |  7.4
Short Blades   | 1 2 3 4 5 6 |  6.7
Long Blades    | 1 2 3 4 5 6 |  6.7
Axes           | 1 2 3 4 5 6 |  6.7
Maces & Flails | 1 2 3 4 5 6 |  6.7
Polearms       | 1 2 3 4 5 6 |  6.7
Staves         | 1 2 3 4 5 6 |  6.7
Slings         | 1 2 3 4 5 6 |  6.7
Bows           | 1 2 3 4 5 6 |  6.7
Crossbows      | 1 2 3 4 5 6 |  6.7
Armour         | 1 2 3 4 5 6 |  6.7
Shields        | 1 2 3 4 5 6 |  6.7
Unarmed Combat | 1 2 3 4 5 6 |  6.7
Spellcasting   | 1 2 3 4 5 6 |  6.7
Evocations     | 1 2 3 4 5 6 |  6.7
Conjurations   | 1 2 3 4 5 |  5.6
Hexes          | 1 2 3 4 5 |  5.6
Summonings     | 1 2 3 4 5 |  5.6
Necromancy     | 1 2 3 4 5 |  5.6
Translocations | 1 2 3 4 5 |  5.6
Transmutations | 1 2 3 4 5 |  5.6
Fire Magic     | 1 2 3 4 5 |  5.6
Ice Magic      | 1 2 3 4 5 |  5.6
Air Magic      | 1 2 3 4 5 |  5.6
Earth Magic    | 1 2 3 4 5 |  5.6
Poison Magic   | 1 2 3 4 5 |  5.6
Fighting       | 5 6 7 8 |  8.2
Dodging        | 5 6 7 8 |  8.2
Stealth        | 3 4 5 6 7 |  7.2
Throwing       | 9 10 | 10.8

Action                   |  1- 3 |  4- 6 |  7- 9 | 10-12 || total
-------------------------+-------+-------+-------+-------++-------
Melee: Short sword       |   137 |    97 |   155 |    38 ||   427
       Bite              |    13 |    19 |    63 |    52 ||   147
       Trident           |       |    50 |    58 |       ||   108
       Punch             |       |     2 |    12 |       ||    14
       Dagger            |       |       |    74 |       ||    74
       Spear             |       |       |   159 |   421 ||   580
       Unarmed           |       |       |    16 |       ||    16
Throw: Throwing net      |       |     1 |       |       ||     1
       Dart              |       |    10 |    13 |    11 ||    34
       Stone             |       |     1 |   121 |   154 ||   276
Invok: Heroism           |       |       |       |     2 ||     2
  Use: Scroll            |     2 |     2 |     9 |     5 ||    18
       Potion            |       |     2 |       |     2 ||     4
 Stab: Sleeping          |    10 |     5 |       |     3 ||    18
       Held in net/web   |       |     1 |       |       ||     1
       Distracted        |       |       |     3 |     1 ||     4
Armor: Leather armour    |    44 |    31 |    42 |    70 ||   187
       Chain mail        |       |       |   121 |       ||   121
       Skin              |       |       |     2 |       ||     2
Dodge: Dodged            |   103 |   119 |   264 |   246 ||   732
Block: Kite shield       |       |       |       |   219 ||   219
       Buckler           |       |       |       |     7 ||     7

Table legend: (Time is in decaauts)
 A = Elapsed time spent in this place.
 B = Non-inter-level travel time spent in this place.
 C = Inter-level travel time spent in this place.
 D = Time resting spent in this place.
 E = Time spent auto-exploring this place.
 F = Levels seen in this place.
 G = Mean time per level.
                   A        B        C        D        E       F      G
               +--------+--------+--------+--------+--------+-----+--------+
         Total |  13923 |  13157 |    766 |   1013 |   9296 |  13 | 1071.0 |
       Dungeon |  13275 |  12529 |    746 |    974 |   9001 |  11 | 1206.8 |
        Temple |     73 |     54 |     19 |      0 |     54 |   1 |   73.0 |
       Ossuary |    574 |    574 |      0 |     39 |    241 |   1 |  574.0 |
               +--------+--------+--------+--------+--------+-----+--------+

Top non-repeatable levels by time:
     D:2: 2952 daAuts
     D:3: 2152 daAuts
     D:1: 1607 daAuts
     D:4: 1163 daAuts
     D:9: 1102 daAuts
     D:8: 996 daAuts
     D:7: 973 daAuts
     D:5: 894 daAuts
    D:10: 710 daAuts
 Ossuary: 574 daAuts
     D:6: 534 daAuts
    D:11: 186 daAuts
  Temple: 73 daAuts
